 Dungeon Crawl Stone Soup version 0.23-a0-767-gdc19b93d68 (webtiles) character file.

245 Kohma the Chiller (level 6, -8/41 HPs)
             Began as a Merfolk Ice Elementalist on Jan 29, 2019.
             Mangled by an ogre
             ... wielding a +0 giant club
              (21 damage)
             ... on level 4 of the Dungeon.
             The game lasted 00:15:01 (3905 turns).

Kohma the Chiller (Merfolk Ice Elementalist)        Turns: 3905, Time: 00:15:02

Health: -8/41      AC:  2    Str:  8    XL:     6   Next: 10%
Magic:  4/9        EV: 14    Int: 17    God:
Gold:   106        SH:  0    Dex: 14    Spells: 3/9 levels left

rFire    . . .     SeeInvis .   e - +0 spear
rCold    . . .     Gourm    .   (no shield)
rNeg     . . .     Faith    .   a - +0 robe
rPois    .         Spirit   .   (no helmet)
rElec    .         Reflect  .   (no cloak)
rCorr    .         Harm     .   (no gloves)
MR       .....                  (no boots)
Stlth    ++........             (no amulet)
HPRegen  0.13/turn              (no ring)
MPRegen  0.11/turn              (no ring)

@: no status effects
A: change form in water, swift swim, stealthy swim
a: no special abilities


You were on level 4 of the Dungeon.
You were not hungry.

You visited 2 branches of the dungeon, and saw 5 of its levels.

You collected 106 gold pieces.

Inventory:

Hand Weapons
 e - a +0 spear (weapon)
 p - a cursed -2 dagger
 t - a +0 blowgun
Missiles
 b - 159 stones (quivered)
 u - 7 curare-tipped needles
 y - 13 poisoned needles
 z - 15 sling bullets
Armour
 a - a +0 robe (worn)
Jewellery
 q - a +2 ring of dexterity {unknown}
 r - a +5 ring of strength {unknown}
Wands
 o - a wand of disintegration (18)
Scrolls
 d - 2 scrolls of amnesia {unknown}
 f - 5 scrolls of identify {unknown}
 g - a scroll of enchant armour {unknown}
 i - 3 scrolls of remove curse {unknown}
 j - 2 scrolls of immolation {unknown}
 k - 3 scrolls of blinking {unknown}
 n - 2 scrolls of teleportation {unknown}
 w - a scroll of fear {unknown}
Potions
 l - a potion of magic {unknown}
 m - 3 potions of ambrosia {unknown}
 s - a potion of heal wounds {unknown}
 v - a potion of lignification {unknown}
 x - 2 potions of agility {unknown}
Comestibles
 c - 9 rations
 h - 6 chunks of flesh


   Skills:
 * Level 5.3 Polearms
 - Level 4.0 Dodging
 - Level 2.1 Stealth
 - Level 2.0 Spellcasting
 - Level 0.7 Conjurations
 + Level 5.3 Ice Magic


You had 3 spell levels left.
You knew the following spells:

 Your Spells              Type           Power        Failure   Level  Hunger
a - Freeze                Ice            ###.         2%          1    #......
b - Throw Frost           Conj/Ice       ##....       9%          2    ###....
c - Ozocubu's Armour      Chrm/Ice       ##......     19%         3    ###....

Your spell library contained the following spells:

 Spells                   Type           Power        Failure   Level  Hunger
 Throw Icicle             Conj/Ice       ##......     50%         4    #####..
 Summon Ice Beast         Ice/Summ       ##......     54%         4    #####..


Dungeon Overview and Level Annotations

Branches:
Dungeon (4/15)             Temple (1/1) D:4

Altars:
Ashenzari
Cheibriados
Hepliaklqana
Makhleb
Nemelex Xobeh
Qazlal
Ru
Trog
Uskayaw
Vehumet
Wu Jian
Zin
The Shining One
Lugonu


Message History

You freeze the ogre.
The ogre is heavily wounded.
Casting: Freeze (safe; 2% risk of failure)
Confirm with . or Enter, or press ? or * to list all spells.
Aiming: Freeze (safe; 2% risk of failure)
Press: ? - help, Shift-Dir - straight line, f/p - ogre
Aim: an ogre, wielding a +0 giant club (heavily wounded)
You freeze the ogre.
The ogre is heavily wounded.
The ogre hits you with a +0 giant club!
Casting: Freeze (safe; 2% risk of failure)
Confirm with . or Enter, or press ? or * to list all spells.
Aiming: Freeze (safe; 2% risk of failure)
Press: ? - help, Shift-Dir - straight line, f/p - ogre
Aim: an ogre, wielding a +0 giant club (heavily wounded)
You freeze the ogre.
The ogre is severely wounded.
The ogre hits you with a +0 giant club!!
Ouch! That really hurt!
You die...

.....##### #.#
.........# #[#
#......... #.#
#......... #.#
#.:....... #
###.### #.......
##### #######
#..O.#
÷...####⌠.⌠#####@#
###....'.>.'.....#
# ######⌠.⌠####..#
# ####### ##.# #
###.### #.# # #.#
#.# ## #.# ..#
.##### #.## ###
.....# #..#


You could see an ogre.

Vanquished Creatures
  A bullfrog (D:4)
  A hound (D:4)
  An orc priest (D:4)
  3 adders
  An ooze (D:2)
  4 worms
  2 dart slugs
  2 leopard geckos
  8 orcs (D:4)
  3 bats
  4 giant cockroaches
  5 goblins
  5 hobgoblins
  3 jackals (D:4)
  A quokka (D:2)
  2 ball pythons (D:2)
  5 frilled lizards
  8 kobolds
  9 rats
68 creatures vanquished.

Notes
Turn   | Place    | Note
-------+----------+-------------------------------------------
     0 | D:1      | Kohma the Merfolk Ice Elementalist began the quest for the
                  | Orb.
     0 | D:1      | Reached XP level 1. HP: 13/13 MP: 3/3
   302 | D:1      | Reached XP level 2. HP: 16/19 MP: 1/5
   831 | D:1      | Learned a level 2 spell: Throw Frost
   940 | D:2      | Reached XP level 3. HP: 22/24 MP: 1/6
  1010 | D:2      | Reached skill level 1 in Polearms
  1878 | D:2      | Noticed an angel
  1883 | D:2      | Learned a level 3 spell: Ozocubu's Armour
  1884 | D:2      | Found a glowing silver altar of Zin.
  1898 | D:2      | Reached XP level 4. HP: 30/30 MP: 3/7
  3218 | D:4      | Found a glowing golden altar of the Shining One.
  3485 | D:4      | Reached XP level 5. HP: 35/35 MP: 3/8
  3585 | D:4      | Found a bloodstained altar of Trog.
  3601 | D:4      | Reached skill level 5 in Ice Magic
  3678 | D:4      | Found a stormy altar of Qazlal.
  3678 | D:4      | Found a shattered altar of Ashenzari.
  3734 | D:4      | Found a staircase to the Ecumenical Temple.
  3758 | D:4      | Reached skill level 5 in Polearms
  3758 | D:4      | Reached XP level 6. HP: 37/41 MP: 1/9
  3835 | Temple   | Entered the Ecumenical Temple
  3905 | D:4      | Mangled by an ogre

Vault maps used:
D:1:      onia_arrival_mini_spirals, minmay_misc_feat_five
D:2:      zin_angel
D:4:      old_standard_altar, tso_metal_star, grunt_temple_overflow_open,
          kennysheep_ying_yang, temple_doors_e, guppyfry_early_orc_mine
Temple:   corrupted_temple

Skill      XL: |  1  2  3  4  5 |
---------------+----------------+-----
Dodging        | 3 4 |  4.0
Ice Magic      | 4 5 |  5.3
Polearms       | 1 3 5 |  5.3
Stealth        | |  2.1
Spellcasting   | |  2.0
Conjurations   | |  0.7

Action                   |  1- 3 |  4- 6 || total
-------------------------+-------+-------++-------
Melee: Club              |     3 |       ||     3
       Spear             |    38 |    48 ||    86
 Cast: Freeze            |    49 |    52 ||   101
       Throw Frost       |     5 |    13 ||    18
 Stab: Sleeping          |     3 |     5 ||     8
  Eat: Chunk             |     4 |     8 ||    12
Armor: Robe              |     4 |     9 ||    13
Dodge: Dodged            |    28 |    58 ||    86

Table legend:
 A = Non-vault XP
 B = Vault XP
 C = Vault XP percentage of total XP
 D = Non-vault monster count
 E = Vault monster count
 F = Vault count percentage of total count
                 A         B        C        D         E       F
            +---------+---------+-------+---------+---------+-------
      Total |     350 |       0 |   0.0 |      68 |       0 |   0.0
            +---------+---------+-------+---------+---------+-------
        D:1 |      24 |       0 |   0.0 |      17 |       0 |   0.0
        D:2 |      63 |       0 |   0.0 |      21 |       0 |   0.0
        D:3 |      56 |       0 |   0.0 |      15 |       0 |   0.0
        D:4 |     207 |       0 |   0.0 |      15 |       0 |   0.0
            +---------+---------+-------+---------+---------+-------
